Map: New Repugnancy LE

Players

mrluigi

  • Race: Protoss Protoss
  • Spawn Location: 7:00

TiPtOP - Winner!

  • Race: Terran Terran
  • League: Silver
  • Spawn Location: 1:00

VOD

Have the link to the VOD?

Description

Time

  • Played on: Aug. 19, 2019, 7:59 p.m.
  • Length: 14:13
Show
View Real Time Build Order
Export as new Build Order

mrluigi Protoss 

Build Orders:  

Get SALT Encoding   

  12  0:11  Assimilator  
  12  0:17  Assimilator  
  12  0:29  Pylon  
  12  0:38  Pylon  
  12  1:30  Pylon  
  12  1:38  Gateway x2  
  12  1:41  Forge  
  12  1:59  Probe  
  13  2:07  Probe  
  13  2:15  Probe  
  15  2:23  Photon Cannon  
  15  2:24  Photon Cannon  
  15  2:26  Photon Cannon  
  15  2:39  Photon Cannon  
  15  2:57  Photon Cannon  
  15  3:07  Photon Cannon  
  15  3:20  Photon Cannon  
  15  3:36  Photon Cannon  
  15  3:49  Probe  
  16  3:57  Probe  
  17  4:06  Probe  
  17  4:07  Cybernetics Core  
  18  4:39  Photon Cannon  
  18  4:41  Photon Cannon  
  18  4:44  Photon Cannon  
  18  4:56  Shield Battery  
  18  5:13  Shield Battery  
  18  5:24  Shield Battery x2  
  18  5:54  Pylon  
  18  6:32  Stalker x2  
  22  6:43  Probe  
  23  6:55  Probe  
  24  7:02  Stalker x2, Photon Cannon  
  28  7:16  Photon Cannon  
  28  7:22  Photon Cannon  
  28  7:32  Stalker  
  28  7:34  Photon Cannon  
  30  7:55  Shield Battery  
  30  8:10  Stalker x2  
  34  8:22  Stargate  
  34  8:34  Stargate  
  34  9:20  Void Ray  
  34  9:21  Void Ray  
  42  10:02  Protoss Air Armor Level 1  
  42  10:03  Void Ray  
  46  10:29  Pylon  
  46  10:30  Pylon  
  46  10:34  Pylon  
  46  10:43  Pylon  
  46  10:46  Void Ray  
  50  10:57  Void Ray  
  54  12:11  Protoss Air Weapons Level 1  
  20  13:08  Void Ray x2  
Show
View Real Time Build Order
Export as new Build Order

TiPtOP Terran - Winner!

Build Orders: 2 Factory, Mech 

Get SALT Encoding   

  12  0:01  SCV  
  13  0:13  SCV  
  14  0:19  Supply Depot  
  14  0:25  SCV  
  15  0:40  SCV  
  16  0:43  Barracks  
  16  0:49  Refinery  
  16  0:53  SCV  
  17  1:05  SCV  
  18  1:17  SCV  
  19  1:31  Marine  
  20  1:34  Orbital Command  
  20  1:43  Command Center  
  20  2:08  Factory, SCV  
  21  2:16  Refinery  
  21  2:20  SCV  
  22  2:30  Barracks Tech Lab  
  22  2:37  Engineering Bay  
  22  2:40  SCV  
  23  3:01  Factory  
  23  3:03  Siege Tank  
  26  3:14  Orbital Command  
  26  3:28  SCV  
  27  3:38  Siege Tank  
  27  3:40  SCV  
  31  3:49  SCV  
  31  3:52  Supply Depot  
  31  3:54  SCV  
  33  3:58  Factory Reactor  
  33  4:01  SCV  
  34  4:06  SCV  
  35  4:12  Missile Turret  
  35  4:14  Missile Turret  
  35  4:16  Siege Tank  
  38  4:19  Armory  
  38  4:39  Supply Depot  
  38  4:42  Supply Depot  
  38  4:46  Command Center  
  38  4:49  SCV x2  
  40  5:01  SCV  
  41  5:08  SCV  
  41  5:10  Factory  
  41  5:13  SCV  
  47  5:14  Hellbat x2  
  47  5:16  Siege Tank  
  47  5:20  SCV, Terran Vehicle Weapons Level 1  
  51  5:33  Supply Depot  
  51  5:34  Supply Depot  
  51  5:35  Supply Depot  
  51  5:37  Refinery  
  51  5:40  Refinery, SCV x2  
  53  5:52  SCV x2  
  53  5:55  Factory Tech Lab  
  55  5:58  Thor  
  61  6:12  SCV x2  
  63  6:24  SCV x2  
  65  6:27  Missile Turret  
  65  6:31  Armory  
  65  6:36  SCV x2  
  65  6:38  Command Center  
  67  6:48  SCV  
  68  7:10  Thor x2  
  68  7:11  Hellbat x2  
  68  7:13  Orbital Command  
  85  7:15  SCV x2  
  86  7:27  SCV  
  86  7:28  SCV  
  88  7:30  Supply Depot  
  88  7:31  Supply Depot  
  88  7:33  Supply Depot  
  88  7:35  Hellbat x2, Supply Depot  
  88  7:36  Supply Depot  
  92  7:45  Refinery  
  92  7:49  Refinery  
  92  7:52  Missile Turret, Thor  
  92  7:53  Thor  
  92  7:55  Terran Vehicle And Ship Armor Level 1  
  104  8:03  Orbital Command  
  104  8:35  Thor  
  104  8:37  SCV x4  
  104  8:38  Missile Turret  
  114  8:49  SCV x3  
  117  8:59  Missile Turret  
  117  9:01  SCV x2  
  119  9:24  Factory  
  119  9:26  Factory  
  119  9:33  Factory  
  119  9:43  Thor x2  
  119  9:44  Hellbat x2  
  135  9:56  Refinery  
  135  9:58  Refinery  
  135  9:59  Supply Depot  
  135  10:00  Supply Depot  
  135  10:02  Supply Depot  
  135  10:05  Supply Depot  
  135  10:07  Supply Depot  
  135  10:09  Hellion, Hellbat x2  
  135  10:14  Factory Tech Lab x2  
  139  10:17  Factory Reactor  
  139  10:21  Hellion  
  139  10:23  Infernal Pre-Igniter  
  139  10:25  Thor  
  139  10:26  Siege Tank  
  148  10:30  Hellbat x2  
  152  10:37  Orbital Command  
  152  10:50  Thor  
  152  10:51  Thor  
  152  10:52  Hellbat x2  
  168  10:58  Siege Tank  
  171  11:04  SCV  
  171  11:05  SCV x3  
  171  11:08  Thor  
  181  11:14  Hellbat  
  183  11:25  Missile Turret, Hellbat x3  
  189  11:30  Thor  
  195  11:45  Missile Turret  
  195  12:05  Command Center  
  195  12:07  Missile Turret  
  195  12:22  Command Center  
  177  13:30  Thor x2  
  177  13:31  Hellbat x2  
Tags
 
Composition
Mech
League
Silver
Matchup
PvT
Opening
2 Factory
Spawn Locations
Cross Positions
Add a new tag
Caveats
  • Supply blocks, unpowered buildings, or Contaminate may cause inaccurate times.
  • Supply counts are checked every 10 seconds.